 Dungeon Crawl Stone Soup version 0.26.1-11-gd32895ea62 (webtiles) character file.

Game seed: 12651998556779862412

679 buriedalive the Chiller (level 7, -6/36 HPs)
             Began as a Deep Elf Ice Elementalist on June 15, 2021.
             Engulfed by a cloud of steam (13 damage)
             ... on level 4 of the Dungeon.
             The game lasted 00:10:19 (6087 turns).

buriedalive the Chiller (Deep Elf Ice Elementalist) Turns: 6087, Time: 00:10:20

Health: -6/36      AC:  4    Str:  5    XL:     7   Next: 34%
Magic:  10/13      EV: 17    Int: 22    God:
Gold:   226        SH:  0    Dex: 15    Spells: 5/12 levels left

rFire    . . .     SeeInvis .   F - +0 dagger (elec)
rCold    . . .     Faith    .   (no shield)
rNeg     . . .     Spirit   .   a - +0 robe
rPois    .         Reflect  .   (no helmet)
rElec    .         Harm     .   y - scarf {repulsion}
rCorr    .         Rampage  .   d - +0 pair of gloves
Will     .....                  E - +0 pair of boots
Stlth    +.........             (no amulet)
HPRegen  0.12/turn              (no ring)
MPRegen  0.13/turn              (no ring)

@: repel missiles, very slow
A: no striking features
a: no special abilities


You were on level 4 of the Dungeon.
You visited 1 branch of the dungeon, and saw 4 of its levels.

You collected 226 gold pieces.

Inventory:

Hand Weapons
 f - a +0 short sword
 i - a +0 dagger
 m - a +0 whip of electrocution
 F - a +0 dagger of electrocution (weapon)
Missiles
 b - 51 poisoned darts
 g - 81 stones
Armour
 a - a +0 robe (worn)
 d - a +0 pair of gloves (worn)
 y - a scarf of repulsion (worn)
 E - a +0 pair of boots (worn)
Jewellery
 k - a +4 ring of slaying {unknown}
 r - an uncursed ring of protection from fire {unknown}
Wands
 t - a wand of polymorph (6)
 B - a wand of digging (5)
 D - a wand of iceblast (8)
Scrolls
 h - 2 scrolls of fog {unknown}
 j - 2 scrolls of enchant weapon {unknown}
 l - a scroll of random uselessness {unknown}
 n - a scroll of amnesia {unknown}
 q - 3 scrolls of identify {unknown}
 v - a scroll of teleportation {unknown}
 z - a scroll of enchant armour {unknown}
 A - 2 scrolls of noise {unknown}
 C - a scroll of remove curse {unknown}
Potions
 c - a potion of haste {unknown}
 e - a potion of mutation {unknown}
 o - 3 potions of attraction {unknown}
 p - a potion of degeneration {unknown}
 s - 3 potions of curing {unknown}
 u - a potion of lignification {unknown}
 w - a potion of ambrosia {unknown}
 x - a potion of brilliance {unknown}


   Skills:
 + Level 7.2 Dodging
 - Level 2.4 Stealth
 - Level 3.0 Spellcasting
 + Level 7.6 Ice Magic


You had 5 spell levels left.
You knew the following spells:

 Your Spells              Type           Power        Failure   Level
a - Freeze                Ice            100%         1%          1
b - Frozen Ramparts       Ice            74%          1%          3
c - Ozocubu's Armour      Ice            37%          1%          3

Your spell library contained the following spells:

 Spells                   Type           Power        Failure   Level
 Hailstorm                Conj/Ice       20%          26%         4
 Summon Ice Beast         Ice/Summ       20%          26%         4


Dungeon Overview and Level Annotations

Branches:
Dungeon (4/15)
 Temple: D:4-7

Altars:
Kikubaaqudgha
Sif Muna
Xom


Message History

The wall freezes the orc wizard.
The orc wizard closely misses you.
Unknown command.
You hit the orc wizard.
Lightning courses through the orc wizard!
You kill the orc wizard!
You are engulfed in a cloud of scalding steam.
The orc warrior hits you with a +0 short sword!
* * * LOW HITPOINT WARNING * * *
Your frozen ramparts will break if you move.
Continue?
Okay, then.
Your frozen ramparts will break if you move.
Continue?
Okay, then.
Your frozen ramparts will break if you move.
Continue? [Y]es or [N]o only, please.
Your frozen ramparts will break if you move.
Continue?
Okay, then.
Your frozen ramparts will break if you move.
Continue?
The frozen ramparts melt away as you move.
You are engulfed in a cloud of scalding steam.
You die...

### ########... .#.# ...
.....##.# ... # #.#
......###.##.## #.#
#.........#..# #.#
#...⌠........# #.#
#[#...≈≈≈≈...# #.#
##.##..≈≈≈≈...#
#.#######..##...≈≈≈...#
##...#......#..≈@≈≈≈...#
#....#......#.≈..§o...?#
#....#......#._...).⌠.##
#...........#...$##...#
#.#.#.......###### #.##
#.#.#............. $#
<............###.# #
......)......#
###.#.#.##.###


You could see an orc warrior.

Vanquished Creatures
  2 ogres (D:4)
  A phantom (D:4)
  A bullfrog (D:3)
  Jessica (D:2)
  Natasha (thrice) (D:2)
  3 orc wizards (D:4)
  A worker ant (D:4)
  7 adders
  3 worms
  3 dart slugs
  4 leopard geckos
  6 orcs (D:4)
  3 giant cockroaches
  4 goblins
  5 hobgoblins
  9 jackals
  5 kobolds
  3 quokkas
  9 bats
  5 frilled lizards
  7 rats
85 creatures vanquished.

Notes
Turn   | Place    | Note
-------+----------+-------------------------------------------
     0 | D:1      | buriedalive the Deep Elf Ice Elementalist began the quest
                  | for the Orb.
     0 | D:1      | Reached XP level 1. HP: 10/10 MP: 6/6
   138 | D:1      | Reached XP level 2. HP: 15/15 MP: 2/8
   911 | D:1      | Reached skill level 5 in Ice Magic
   911 | D:1      | Reached XP level 3. HP: 19/19 MP: 9/9
  1578 | D:2      | Noticed Natasha
  1584 | D:2      | Killed Natasha
  1585 | D:2      | Reached XP level 4. HP: 14/24 MP: 7/10
  1805 | D:2      | Noticed Jessica
  1814 | D:2      | Killed Jessica
  2210 | D:2      | Noticed Natasha
  2222 | D:2      | Killed Natasha
  2223 | D:2      | Reached XP level 5. HP: 10/28 MP: 5/11
  2449 | D:2      | Found a shimmering altar of Xom.
  2745 | D:2      | Noticed Natasha
  3041 | D:1      | Learned a level 3 spell: Frozen Ramparts
  3045 | D:1      | Learned a level 3 spell: Ozocubu's Armour
  3051 | D:2      | Killed Natasha
  3052 | D:2      | Reached skill level 5 in Dodging
  4359 | D:3      | Reached XP level 6. HP: 16/32 MP: 8/12
  5164 | D:4      | Found a shimmering blue altar of Sif Muna.
  5248 | D:4      | Reached XP level 7. HP: 24/36 MP: 3/13
  5907 | D:4      | Found an ancient bone altar of Kikubaaqudgha.
  6087 | D:4      | Engulfed by a cloud of steam

Illustrated notes

Levels and vault maps discovered:
D:1:      minmay_arrival_checkered_box, layout_loops_ring
D:2:      layout_loops_ring, tgw_xom, uniq_natasha, uniq_jessica
D:3:      layout_basic, kennysheep_cluttered_room, serial_bayou_lake_a
D:4:      layout_loops_ring, kiku_gazebo_pond_becter, general_overflow_altar,
          tgw_trog

Skill      XL: |  1  2  3  4  5  6  7 |
---------------+----------------------+-----
Dodging        | 3 4 5 6 7 |  7.2
Ice Magic      | 5 6 7 |  7.6
Stealth        | |  2.4
Spellcasting   | |  3.0

Action                   |  1- 3 |  4- 6 |  7- 9 || total
-------------------------+-------+-------+-------++-------
Melee: Unarmed           |     2 |     2 |       ||     4
       Dagger            |    17 |       |     3 ||    20
       Short sword       |    13 |       |       ||    13
       Whip              |    20 |   112 |    48 ||   180
 Cast: Freeze            |    28 |    36 |     2 ||    66
       Frozen Ramparts   |       |    11 |     5 ||    16
       Ozocubu's Armour  |       |     1 |     3 ||     4
 Stab: Sleeping          |     6 |     3 |     1 ||    10
Armor: Robe              |    20 |    39 |     7 ||    66
Dodge: Dodged            |    53 |   134 |    28 ||   215
       Repelled          |       |       |     1 ||     1
